 Dungeon Crawl Stone Soup version 0.26-a0-663-g36e8fdb655 (webtiles) character file.

Game seed: 2134014743932330264

11 somkeydreadnuts the Skirmisher (level 2, -3/25 HPs)
             Began as a Barachi Berserker on Oct 12, 2020.
             Was a Follower of Trog.
             Slain by an adder (5 damage)
             ... on level 2 of the Dungeon.
             The game lasted 00:12:22 (835 turns).

somkeydreadnuts the Skirmisher (Barachi Berserker)   Turns: 835, Time: 00:12:23

Health: -3/25      AC:  3    Str: 18    XL:     2   Next: 29%
Magic:  2/2        EV: 12    Int:  7    God:    Trog [*.....]
Gold:   34         SH:  0    Dex: 11    Spells: 1/1 levels left

rFire    . . .     SeeInvis .   a - +0 falchion
rCold    . . .     Faith    .   (no shield)
rNeg     . . .     Spirit   .   c - +0 leather armour
rPois    .         Reflect  .   (no helmet)
rElec    .         Harm     .   (no cloak)
rCorr    .         Rampage  .   (no gloves)
MR       .....                  (no boots)
Stlth    +.........             (no amulet)
HPRegen  0.08/turn              (no ring)
MPRegen  0.08/turn              (no ring)

@: slow
A: +LOS, swims, slowness 1, strong legs 1
a: Hop, Berserk, Renounce Religion


You were on level 2 of the Dungeon.
You worshipped Trog.
Trog was aware of your devotion.
You visited 1 branch of the dungeon, and saw 2 of its levels.

You collected 34 gold pieces.

Inventory:

Hand Weapons
 a - a +0 falchion (weapon)
Armour
 b - a +0 animal skin
 c - a +0 leather armour (worn)
Jewellery
 f - an uncursed amulet of guardian spirit {unknown}
Scrolls
 d - a scroll of remove curse
 e - 2 scrolls of identify {unknown}
 h - a scroll of enchant armour {unknown}
Potions
 g - a potion of might {unknown}


   Skills:
 + Level 4.0 Fighting
 + Level 3.9 Long Blades
 + Level 2.6 Armour
 + Level 2.3 Dodging


You had one spell level left.
You didn't know any spells.
Your spell library was empty.

Dungeon Overview and Level Annotations

Branches:
Dungeon (2/15)

Altars:

Annotations:
D:2 Natasha


Innate Abilities, Weirdness & Mutations

You can be seen from farther away. (+LOS)
You can swim through water.
You cover ground slowly.
You can hop short distances.


Message History

The adder barely misses you.
You barely miss the adder. The adder barely misses you.
Natasha wildly gestures.
Natasha shimmers violently.
The adder bites you but does no damage.
You closely miss the adder. The adder closely misses you.
You hit the adder but do no damage. The adder bites you.
Natasha stares at you and mumbles some strange words.
The magic dart hits you! The adder barely misses you.
You closely miss the adder. Natasha claws you. The frilled lizard bites you.
The adder closely misses you. Natasha misses you.
You riposte.
You hit Natasha but do no damage. The frilled lizard closely misses you.
You closely miss the adder. The adder misses you.
You riposte.
You miss the adder. The frilled lizard barely misses you.
You riposte.
You barely miss the frilled lizard. Natasha claws you!
* * * LOW HITPOINT WARNING * * *
You hit the adder.
The adder is lightly wounded.
The adder bites you.
You die...

#. ###. ###..
..##...
...... ..>#.
...... ...##
.......
#..##.......
#.<#........
#...........
##rlh#.......
#..@## ######
#..#S#
#..##.# ...#
#.# #.## !.#
#. #.# ...
##. .


You could see Natasha, an adder, a quokka and a frilled lizard.

Vanquished Creatures
  6 jackals (D:1)
  A bat (D:1)
  3 kobolds (D:1)
10 creatures vanquished.

Notes
Turn   | Place    | Note
-------+----------+-------------------------------------------
     0 | D:1      | somkeydreadnuts the Barachi Berserker began the quest for
                  | the Orb.
     0 | D:1      | Reached XP level 1. HP: 18/18 MP: 1/1
   178 | D:1      | Reached XP level 2. HP: 25/25 MP: 2/2
   180 | D:1      | Reached skill level 4 in Fighting
   827 | D:2      | Noticed Natasha
   835 | D:2      | Slain by an adder

Illustrated notes

Levels and vault maps discovered:
D:1:      dpeg_chamrin_arrival_tetris, layout_basic, minmay_misc_feat_diagonals,
          minivault_26
D:2:      layout_rooms, kennysheep_slug_shrine, fedhas_altar_1, uniq_robin,
          uniq_natasha

Skill      XL: |  1  2 |
---------------+-------+-----
Fighting       | 4 |  4.0
Long Blades    | |  3.9
Armour         | |  2.6
Dodging        | |  2.3

Action                   || total
-------------------------++-------
Melee: Falchion          ||    25
Invok: Berserk           ||     1
  Use: Scroll            ||     1
Armor: Leather armour    ||     1
Dodge: Dodged            ||    27
       Rpst.: Falchion   ||    11

Table legend: (Time is in decaauts)
 A = Elapsed time spent in this place.
 B = Non-inter-level travel time spent in this place.
 C = Inter-level travel time spent in this place.
 D = Time resting spent in this place.
 E = Time spent auto-exploring this place.
 F = Levels seen in this place.
 G = Mean time per level.
                   A        B        C        D        E       F      G
               +--------+--------+--------+--------+--------+-----+--------+
         Total |    967 |    884 |     83 |      0 |    776 |   2 |  483.5 |
       Dungeon |    967 |    884 |     83 |      0 |    776 |   2 |  483.5 |
               +--------+--------+--------+--------+--------+-----+--------+

Top non-repeatable levels by time:
     D:1: 958 daAuts
     D:2: 9 daAuts
